 Dungeon Crawl Stone Soup version 0.22-a0-389-g8519d86 (webtiles) character file.

653 Kairos the Chopper (level 7, 37/37 HPs)
             Began as a Vine Stalker Fighter on Apr 30, 2018.
             Quit the game on level 3 of the Dungeon.
             The game lasted 00:03:30 (2597 turns).

Kairos the Chopper (Vine Stalker Fighter)           Turns: 2597, Time: 00:03:31

Health: 37/37      AC:  8    Str: 21    XL:     7   Next: 54%
Magic:  8/8        EV:  8    Int:  8    God:
Gold:   165        SH: 10    Dex: 13    Spells: 6/6 levels left

rFire    . . .     SeeInvis .   s - -3 whip (curse)
rCold    . . .     Gourm    .   c - +0 shield
rNeg     . . .     Faith    .   b - +0 scale mail
rPois    .         Spirit   +   (no helmet)
rElec    .         Reflect  .   (no cloak)
rCorr    .         Harm     +   k - +0 pair of gloves
MR       +....                  (no boots)
Stlth    ..........             m - amulet of harm
HPRegen  0.52/turn              h - ring of protection from magic
MPRegen  0.11/turn              p - ring of flight

@: no status effects
A: fangs 2, regeneration 1, magic shield, antimagic bite, no potion heal 3, rot
immunity
a: Evoke Flight


You were on level 3 of the Dungeon.
You were hungry.

You visited 1 branch of the dungeon, and saw 3 of its levels.

You collected 165 gold pieces.

Inventory:

Hand Weapons
 a - a +0 war axe
 s - a cursed -3 whip (weapon)
Armour
 b - a +0 scale mail (worn)
 c - a +0 shield (worn)
 k - a +0 pair of gloves (worn)
Jewellery
 h - a ring of protection from magic (left hand)
 m - an amulet of harm (around neck)
 p - a ring of flight (right hand)
Wands
 r - a wand of iceblast (8)
Scrolls
 e - a scroll of fog
 g - 2 scrolls of teleportation
 o - a scroll of enchant weapon {unknown}
 q - a scroll of identify {unknown}
 t - a scroll of fear {unknown}
Potions
 d - a potion of might
 i - 4 potions of brilliance {unknown}
 l - a potion of lignification {unknown}
 n - a potion of heal wounds {unknown}
Comestibles
 f - 2 rations


   Skills:
 + Level 3.6 Fighting
 + Level 4.8 Axes
 + Level 3.6 Armour
 + Level 1.7 Dodging
 + Level 1.3 Stealth
 + Level 4.1 Shields


You had 6 spell levels left.
You didn't know any spells.

Dungeon Overview and Level Annotations

Branches:
Dungeon (3/15)

Altars:
Cheibriados


Innate Abilities, Weirdness & Mutations

You have extremely sharp teeth.
Your natural rate of healing is unusually fast.
When hurt, damage is shared between your health and your magic reserves.
Your bite disrupts and absorbs the magic of your enemies.
Potions cannot restore your health.
You are immune to rotting.


Message History

There is a stone staircase leading up here.
Done exploring.
Done exploring.
Done exploring.
Done exploring.
Wield which item (- for none, * to show all)? (? for menu, Esc to quit)
It sticks to your hand!
s - a cursed -3 whip (weapon)
As you read the scroll labeled KANERPH MIOTOPN, it crumbles to dust.
You feel strangely unstable.
It was a scroll of teleportation.
As you read the scroll labeled BELOJ CIZEELYET, it crumbles to dust.
The scroll dissolves into smoke.
It was a scroll of fog.
As you read the scroll labeled WYMPIS ARAF, it crumbles to dust.
You feel momentarily disoriented.
It was a scroll of magic mapping.
Your surroundings suddenly seem different.
Autopickup is now off.
Okay, then.
Unknown command.
Unknown command.
Are you sure you want to abandon this character and quit the game? (Confirm with "yes".)

.######.## #......#
#####.. .# #.#
######.# #.. .######.#
#.# #.. .....##.## #.#
#.. .#.......## #.#
#.. .#.#......#
#####.# ##.
.#.#......## #.....#
##
...........#####._...#
##..............@....#
######....###########
#.#### #.# #.# #.#
###.###### #........#
#........# ##


There were no monsters in sight!

Vanquished Creatures
  Grinder (D:3)
  Sigmund (D:3)
  A sky beast (D:3)
  An orc wizard (D:3)
  Natasha (twice) (D:3)
  3 adders
  2 oozes (D:3)
  2 worms
  A leopard gecko (D:1)
  4 orcs (D:3)
  2 ball pythons (D:1)
  5 giant cockroaches
  9 goblins
  13 hobgoblins
  5 jackals
  6 kobolds
  A quokka (D:3)
  7 bats
  4 frilled lizards (D:2)
  14 rats
84 creatures vanquished.

Notes
Turn   | Place    | Note
-------+----------+-------------------------------------------
     0 | D:1      | Kairos the Vine Stalker Fighter began the quest for the Orb.
     0 | D:1      | Reached XP level 1. HP: 11/11 MP: 2/2
   117 | D:1      | Reached XP level 2. HP: 16/16 MP: 3/3
   456 | D:1      | Reached XP level 3. HP: 17/20 MP: 4/4
   863 | D:2      | Reached skill level 1 in Dodging
   883 | D:2      | Gained mutation: Your natural rate of healing is unusually fast. [Vine Stalker growth]
   883 | D:2      | Reached XP level 4. HP: 18/24 MP: 5/5
  1605 | D:3      | Noticed Natasha
  1609 | D:3      | Killed Natasha
  1722 | D:3      | Reached XP level 5. HP: 28/28 MP: 6/6
  1762 | D:3      | Found a snail-covered altar of Cheibriados.
  1912 | D:3      | Noticed Grinder
  1921 | D:3      | Paralysed by Grinder for 2 turns
  1925 | D:3      | Killed Grinder
  1925 | D:3      | Reached skill level 1 in Stealth
  1925 | D:3      | Reached XP level 6. HP: 19/32 MP: 4/7
  2016 | D:3      | Noticed Sigmund
  2023 | D:3      | Killed Sigmund
  2023 | D:3      | Reached XP level 7. HP: 36/36 MP: 8/8
  2155 | D:3      | Noticed Natasha
  2164 | D:3      | Killed Natasha
  2597 | D:3      | Quit the game

Vault maps used:
D:1:      onia_arrival_handbag, glass_columns_a, minmay_misc_feat_cross,
          minmay_misc_feat_plants
D:2:      serial_bayou_lagoon_a
D:3:      cheibriados_altar_1, uniq_sigmund, uniq_natasha, uniq_grinder

Skill      XL: |  1  2  3  4  5  6 |
---------------+-------------------+-----
Axes           | 2 3 4 |  4.8
Fighting       | 3 |  3.6
Dodging        | 1 |  1.7
Shields        | 3 4 |  4.1
Armour         | 3 |  3.6
Stealth        | 1 |  1.3

Action                   |  1- 3 |  4- 6 |  7- 9 || total
-------------------------+-------+-------+-------++-------
Melee: War axe           |   113 |   105 |    33 ||   251
       Bite              |    26 |    22 |    11 ||    59
  Use: Scroll            |       |       |     3 ||     3
  Eat: Chunk             |       |     4 |     1 ||     5
Armor: Scale mail        |    60 |    40 |    17 ||   117
Dodge: Dodged            |    41 |    29 |     8 ||    78
Block: Shield            |    66 |    56 |    10 ||   132

Table legend:
 A = Spawn XP
 B = Non-spawn XP
 C = Spawn XP percentage of total XP
 D = Spawn monster count
 E = Non-spawn monster count
 F = Spawn count percentage of total count
 G = Total turns spent on level
                    A         B        C        D         E        F      G
               +---------+---------+-------+---------+---------+-------+---------
         Total |       0 |     933 |   0.0 |       0 |      84 |   0.0 |  2597
               +---------+---------+-------+---------+---------+-------+---------
           D:1 |       0 |      47 |   0.0 |       0 |      27 |   0.0 |   662
           D:2 |       0 |      74 |   0.0 |       0 |      29 |   0.0 |   943
           D:3 |       0 |     812 |   0.0 |       0 |      28 |   0.0 |   992
               +---------+---------+-------+---------+---------+-------+---------
